 Dungeon Crawl Stone Soup version 0.23.2 (webtiles) character file.

Game seed: 2545428421493795204

6794 myga the Basher (level 11, 0/54 HPs)
             Began as a Gargoyle Gladiator on Apr 5, 2019.
             Was a Believer of Wu Jian.
             Killed by divine providence
             ... invoked by a smoke demon
              (13 damage)
             ... on level 1 of the Abyss on Apr 6, 2019.
             The game lasted 01:17:09 (9775 turns).

myga the Basher (Gargoyle Gladiator)                Turns: 9775, Time: 01:17:10

Health: 0/54       AC: 26    Str: 18    XL:     11   Next: 5%
Magic:  11/11      EV: 13    Int:  9    God:    Wu Jian [**....]
Gold:   229        SH:  6    Dex: 19    Spells: 10/10 levels left

rFire    . . .     SeeInvis .   b - +3 whip (vamp)
rCold    . . .     Gourm    .   p - +0 buckler
rNeg     + . .     Faith    +   u - +0 plate armour
rPois    ∞         Spirit   .   K - +0 helmet
rElec    +         Reflect  .   (no cloak)
rCorr    +         Harm     .   (no gloves)
MR       .....     Rnd*Rage +   (no boots)
Stlth    ..........             F - amulet of faith
HPRegen  0.18/turn              j - +4 ring of protection
MPRegen  0.12/turn              E - ring of resist corrosion

@: agile, very slightly contaminated
A: [berserk 2], [frail 2], negative energy resistance 1, [screaming 2],
electricity resistance, unbreathing, petrification resistance, rot immunity, AC
+8
a: Wall Jump, Renounce Religion


You were on level 1 of the Abyss.
You worshipped Wu Jian.
Wu Jian was pleased with you.
You were hungry.

You visited 3 branches of the dungeon, and saw 10 of its levels.
You visited the Abyss 1 time.
You also visited: Ossuary.

You collected 419 gold pieces.
You spent 190 gold pieces at shops.

Inventory:

Hand Weapons
 b - a +3 vampiric whip (weapon)
 G - a +2 flail of holy wrath
 Q - the +6 fustibalus "Hiymamnu" {flame, Fragile rC- Int+5 Dex+3, unknown}
   (You found it on level 1 of the Abyss)

   It causes projectiles fired from it to burn those they strike, causing extra
   injury to most foes and up to half again as much damage against particularly
   susceptible opponents.
   It affects your intelligence (+5).
   It affects your dexterity (+3).
   It makes you vulnerable to cold.
   It will be destroyed if unequipped.
Missiles
 d - 2 throwing nets
 m - 276 stones (quivered)
 H - 21 sling bullets
 I - 15 poisoned needles
 J - 2 needles of confusion
Armour
 c - a +0 helmet
 p - a +0 buckler (worn)
 u - a +0 plate armour (worn)
 K - a +0 helmet (worn)
Jewellery
 h - an uncursed amulet of regeneration
 i - an uncursed amulet of rage
 j - a +4 ring of protection (left hand)
 E - a ring of resist corrosion (right hand)
 F - an amulet of faith (around neck)
 P - the ring "Arphiurr" {rN+ Int+2}
   (You found it on level 1 of the Lair of Beasts)

   [ring of positive energy]

   It affects your intelligence (+2).
   It protects you from negative energy.
Wands
 n - a wand of acid (5)
 y - a wand of scattershot (4)
Scrolls
 k - 4 scrolls of amnesia
 q - 5 scrolls of remove curse
 s - 2 scrolls of enchant weapon
 t - 5 scrolls of teleportation
 z - a scroll of magic mapping
 D - 2 scrolls of immolation
Potions
 a - 5 potions of lignification
 l - 6 potions of curing
 o - 2 potions of degeneration
 r - a potion of might
 w - 2 potions of haste
 C - a potion of flight
 M - a potion of mutation {unknown}
 N - a potion of magic {unknown}
 O - a potion of brilliance {unknown}
Miscellaneous
 B - a crystal ball of energy
Comestibles
 f - 10 rations
 L - 4 chunks of flesh


   Skills:
 + Level 7.7 Fighting
 + Level 11.4 Maces & Flails
 + Level 5.1 Throwing
 + Level 6.7 Armour
 + Level 4.4 Dodging
 + Level 0.8 Stealth
 - Level 4.0 Shields
 + Level 0.1 Evocations


You had 10 spell levels left.
You didn't know any spells.
Your spell library contained the following spells:

 Spells                   Type           Power        Failure   Level  Hunger
 Magic Dart               Conj           #...         100%        1    ##.....
 Searing Ray              Conj           #.....       100%        2    ###....
 Dazzling Spray           Conj/Hex       #.....       100%        3    ####...
 Force Lance              Conj/Tloc      #.......     100%        4    #####..
 Fulminant Prism          Conj/Hex       #.........   100%        4    #####..
 Iskenderun's Mystic Bla  Conj           #.......     100%        4    #####..


Dungeon Overview and Level Annotations

Branches:
Dungeon (8/15)             Temple (1/1) D:5            Lair (1/6) D:8

Altars:
Ashenzari
Cheibriados
Dithmenos
Fedhas
Gozag
Hepliaklqana
Kikubaaqudgha
Makhleb
Nemelex Xobeh
Okawaru
Qazlal
Ru
Sif Muna
Trog
Uskayaw
Vehumet
Wu Jian
Xom
Yredelemnul
Zin
The Shining One

Shops:
D:4 }   D:5 !(   D:6 (

Annotations:
Lair:1 Sonja


Innate Abilities, Weirdness & Mutations

You are resistant to torment.
Your stone body is resilient. (AC +8)
You are immune to poison.
You resist negative energy. (rN+)
You are resistant to electric shocks. (rElec)
You can survive without breathing.
You are immune to petrification.
You are immune to rotting.
[You often lose your temper in combat.]
[You are very frail. (-20% HP)]
[You sometimes yell uncontrollably at your foes.]


Message History

Okay, then.
Unknown command.
Okay, then.
Okay, then.
Evoke which item? (* to show all) (? for menu, Esc to quit)
Okay, then.
Unknown command.
The vampire mosquito barely misses you.
The vampire mosquito closely misses you.
The vampire mosquito bites you.
* * * LOW HITPOINT WARNING * * *
The vampire mosquito bites you but does no damage.
The vampire mosquito bites you but does no damage.
The vampire mosquito closely misses you.
The vampire mosquito bites you but does no damage.
Okay, then.
The vampire mosquito disappears in a puff of smoke!
The smoke demon gestures at you. Something smites you!
You die...

.. * .. # . ##.h#.#
.#.*....# #.
##.##.#..#§ #
#..######*.##.....#..
#...@##..h...###.. #
#####y.x5v..X.# ..##
###.##......#....
#...3...#. ... .
#.###.3..##.X#.y #...
.#...## §3X #
#..v...##.#35#.
....#.#3# .# #§ ..
### ##.. .##.y


You could see a worldbinder, 2 smoke demons, a vampire mosquito, an
insubstantial wisp and a quasit.

Vanquished Creatures
  2 spiny frogs (Lair:1)
  A hornet (D:6)
  5 blink frogs (Lair:1)
  A hippogriff (Lair:1)
  A hungry ghost (D:7)
  A basilisk (Lair:1)
  A steam dragon (D:7)
  2 water moccasins (Lair:1)
  A hornet zombie (Ossuary)
  An orc warrior (D:7)
  2 porcupines (D:8)
  6 black bears
  2 ogres
  A phantom (D:7)
  A wolf (D:8)
  A centaur (D:7)
  4 crocodiles
  A wyvern zombie (Ossuary)
  4 bullfrogs
  5 scorpions
  4 killer bees (D:6)
  A howler monkey (D:6)
  6 bullfrog zombies
  3 crimson imps
  4 hounds
  A bullfrog skeleton (D:8)
  2 centaur zombies
  6 orc priests
  2 jellies
  4 iguanas
  16 mummies (Ossuary)
  8 orc wizards
  4 worker ants
  4 hound zombies
  Robin (D:3)
  A howler monkey zombie (Ossuary)
  4 worker ant zombies
  A howler monkey skeleton (D:5)
  3 gnolls (D:7)
  12 adders
  A shadow imp (D:6)
  An ooze (D:6)
  2 adder zombies (Ossuary)
  3 adder skeletons
  3 worms
  4 dart slugs
  9 leopard geckos
  36 orcs
  6 giant cockroaches
  12 goblins
  7 hobgoblins
  6 kobolds
  3 quokkas
  4 ball pythons
  A ball python skeleton (D:5)
  A ball python zombie (Ossuary)
  8 bats
  3 frilled lizards (D:1)
  2 giant cockroach zombies (Ossuary)
  A leopard gecko skeleton (D:5)
  2 leopard gecko zombies (Ossuary)
  8 rats
  A withered plant (Ossuary)
254 creatures vanquished.

Vanquished Creatures (others)
  2 fungi
  A plant (D:8)
3 creatures vanquished.

Grand Total: 257 creatures vanquished

Notes
Turn   | Place    | Note
-------+----------+-------------------------------------------
     0 | D:1      | myga the Gargoyle Gladiator began the quest for the Orb.
     0 | D:1      | Reached XP level 1. HP: 12/12 MP: 1/1
   337 | D:1      | Reached XP level 2. HP: 17/17 MP: 2/2
   609 | D:1      | You fall through a shaft!
   846 | D:2      | Reached XP level 3. HP: 21/21 MP: 3/3
   970 | D:2      | Found a snail-covered altar of Cheibriados.
  1328 | D:2      | Reached XP level 4. HP: 27/27 MP: 4/4
  1506 | D:2      | Reached skill level 4 in Maces & Flails
  1576 | D:2      | Reached skill level 1 in Armour
  2060 | D:3      | Noticed Robin
  2080 | D:3      | Killed Robin
  2080 | D:3      | Reached XP level 5. HP: 21/32 MP: 5/5
  2365 | D:3      | Reached skill level 5 in Maces & Flails
  2404 | D:3      | Reached XP level 6. HP: 37/37 MP: 6/6
  2959 | D:4      | Reached XP level 7. HP: 42/42 MP: 7/7
  3021 | D:4      | Reached skill level 6 in Maces & Flails
  3251 | D:4      | Reached skill level 1 in Shields
  3476 | D:4      | Found a shimmering altar of Xom.
  3481 | D:4      | Found Cahesche's Gadget Shop.
  3768 | D:5      | Entered Level 5 of the Dungeon
  3787 | D:5      | Found Riprow's Distillery.
  3873 | D:5      | Found a sand-covered staircase.
  3878 | Ossuary  | Entered an ossuary
  3924 | Ossuary  | Reached XP level 8. HP: 41/48 MP: 8/8
  3929 | Ossuary  | Reached skill level 7 in Maces & Flails
  4617 | Ossuary  | Reached skill level 8 in Maces & Flails
  4985 | D:5      | Found a staircase to the Ecumenical Temple.
  5001 | Temple   | Entered the Ecumenical Temple
  5131 | Temple   | Became a worshipper of the Wu Jian Council
  5887 | D:5      | Found Guaceq's Weapon Boutique.
  6196 | D:5      | Bought a potion of might for 40 gold pieces
  6196 | D:5      | Bought a potion of heal wounds for 50 gold pieces
  6196 | D:5      | Bought a potion of lignification for 30 gold pieces
  6196 | D:5      | Bought a potion of agility for 40 gold pieces
  6196 | D:5      | Bought a potion of curing for 30 gold pieces
  6212 | D:6      | Noticed a hornet
  6237 | D:6      | Killed a hornet
  6237 | D:6      | Reached skill level 5 in Fighting
  6237 | D:6      | Reached XP level 9. HP: 41/54 MP: 9/9
  6378 | D:6      | Reached * piety under Wu Jian
  6866 | D:6      | Reached skill level 9 in Maces & Flails
  6909 | D:6      | Found Wemiq's Antique Weapon Emporium.
  7498 | D:7      | Reached skill level 10 in Maces & Flails
  7498 | D:7      | Reached XP level 10. HP: 60/60 MP: 10/10
  7514 | D:7      | Reached skill level 5 in Armour
  8107 | D:7      | Found a sparkling altar of Nemelex Xobeh.
  8224 | D:7      | Found a shadowy altar of Dithmenos.
  8293 | D:7      | Found a hide-covered altar of Uskayaw.
  8931 | D:8      | Found an iron altar of Okawaru.
  9038 | D:8      | Reached ** piety under Wu Jian
  9152 | D:8      | Found a staircase to the Lair.
  9225 | Lair:1   | Entered Level 1 of the Lair of Beasts
  9232 | Lair:1   | Noticed a spiny frog
  9251 | Lair:1   | Killed a spiny frog
  9304 | Lair:1   | Reached skill level 11 in Maces & Flails
  9325 | Lair:1   | Reached skill level 5 in Throwing
  9439 | Lair:1   | Noticed a spiny frog
  9451 | Lair:1   | Noticed Sonja
  9479 | Lair:1   | Killed a spiny frog
  9545 | Lair:1   | Reached XP level 11. HP: 67/67 MP: 11/11
  9602 | Lair:1   | Got a translucent glass ring
  9608 | Lair:1   | Identified the ring "Arphiurr" {rN+ Int+2} (You found it on
                  | level 1 of the Lair of Beasts)
  9626 | Lair:1   | Cast into level 1 of the Abyss (Sonja)
  9653 | Abyss:1  | Found a corrupted altar of Lugonu.
  9659 | Abyss:1  | Got an encrusted fustibalus
  9697 | Abyss:1  | Noticed a worldbinder
  9738 | Abyss:1  | Noticed a starcursed mass
  9769 | Abyss:1  | Noticed a wretched star
  9770 | Abyss:1  | Noticed a wretched star
  9775 | Abyss:1  | Killed from afar by a smoke demon

Skill      XL: |  1  2  3  4  5  6  7  8  9 10 |
---------------+-------------------------------+-----
Throwing       | 2 3 4 5 |  5.1
Maces & Flails | 4 5 6 8 10 11 | 11.4
Armour         | 1 2 3 4 6 |  6.7
Fighting       | 3 4 5 7 |  7.7
Dodging        | 3 4 |  4.4
Shields        | 1 2 3 4 |  4.0
Stealth        | |  0.8
Evocations     | |  0.1

Action                   |  1- 3 |  4- 6 |  7- 9 | 10-12 || total
-------------------------+-------+-------+-------+-------++-------
Melee: Flail             |   137 |    85 |       |       ||   222
       Whip              |       |   217 |   942 |   364 ||  1523
Throw: Stone             |     6 |    35 |    94 |    36 ||   171
       Tomahawk          |       |     2 |    12 |    16 ||    30
       Throwing net      |       |       |       |     1 ||     1
Invok: Lunge             |       |       |    27 |    18 ||    45
       Whirlwind         |       |       |    44 |    20 ||    64
 Abil: Evoke Berserk Rag |       |       |     1 |       ||     1
       Wall Jump         |       |       |       |     5 ||     5
Evoke: Wand              |       |       |       |     1 ||     1
  Use: Scroll            |       |     6 |    10 |     2 ||    18
       Potion            |       |       |     1 |     6 ||     7
  Eat: Chunk             |     2 |     3 |     9 |     4 ||    18
       Ration            |       |     2 |     3 |     1 ||     6
Armor: Leather armour    |    47 |       |       |       ||    47
       Scale mail        |    18 |   131 |       |       ||   149
       Chain mail        |       |    13 |   341 |     7 ||   361
       Plate armour      |       |       |       |   183 ||   183
Dodge: Dodged            |    89 |   139 |   206 |    84 ||   518
Block: Buckler           |       |    17 |   117 |    55 ||   189
